 Dungeon Crawl Stone Soup version 0.28-a0-819-g6ef7baa362 (webtiles) character file.

Game seed: 1931006295226651106

157 bande the Skirmisher (level 5, -8/34 HPs)
             Began as a Gargoyle Fighter on Nov 8, 2021.
             Mangled by a gnoll sergeant (9 damage)
             ... on level 4 of the Dungeon.
             The game lasted 00:03:18 (2444 turns).

bande the Skirmisher (Gargoyle Fighter)             Turns: 2444, Time: 00:03:19

Health: -8/34      AC: 12    Str: 21    XL:     5   Next: 38%
Magic:  5/5        EV:  9    Int:  8    God:
Gold:   122        SH:  4    Dex:  9    Spells: 4/4 levels left

rFire   . . .      SeeInvis .   a - +0 war axe
rCold   . . .      Faith    .   c - +0 buckler
rNeg    + . .      Spirit   .   b - +0 scale mail
rPois   ∞          Reflect  .   (no helmet)
rElec   +          Harm     .   i - +0 cloak
rCorr   .          Rampage  .   (no gloves)
Will    .....                   (no boots)
Stlth   ..........              (no amulet)
HPRegen 0.11/turn               (no ring)
MPRegen 0.09/turn               (no ring)

@: no status effects
A: sickness immunity, AC +4, negative energy resistance 1, electricity
resistance, torment resistance 1, petrification resistance
a: no special abilities


You were on level 4 of the Dungeon.
You visited 1 branch of the dungeon, and saw 3 of its levels.
You also visited: Sewer.

You collected 122 gold pieces.

Inventory:

Hand Weapons
 a - a +0 war axe (weapon)
Armour
 b - a +0 scale mail (worn)
 c - a +0 buckler (worn)
 i - a +0 cloak (worn)
Scrolls
 e - a scroll of teleportation {unknown}
 f - a scroll of fear {unknown}
 g - a scroll of enchant armour {unknown}
 h - a scroll of blinking {unknown}
 o - a scroll of amnesia {unknown}
Potions
 d - 2 potions of might
 j - a potion of degeneration {unknown}
 k - 2 potions of heal wounds
 l - 3 potions of cancellation {unknown}
 m - a potion of invisibility {unknown}
 n - a potion of attraction {unknown}


   Skills:
 + Level 4.3 Fighting
 + Level 3.3 Axes
 + Level 4.0 Armour
 + Level 3.8 Shields


You had 4 spell levels left.
You didn't know any spells.
Your spell library was empty.

Dungeon Overview and Level Annotations

Branches:
Dungeon (4/15)              Sewer (visited)
 Temple: D:4-7

Altars:


Innate Abilities, Weirdness & Mutations

You are immune to sickness and miasma.
Your stone body is resilient. (AC +4)
You are immune to poison.
You resist negative energy. (rN+)
You are resistant to electric shocks. (rElec)
You are resistant to unholy torment.
You are immune to petrification.


Message History

The gnoll is heavily wounded.
You hit the gnoll sergeant. You hit the gnoll but do no damage.
The gnoll hits you but does no damage.
The gnoll sergeant hits you but does no damage.
The gnoll completely misses you. The gnoll barely misses you.
There are monsters nearby!
You hit the gnoll.
The gnoll is severely wounded.
You hit the gnoll sergeant but do no damage.
You hit the gnoll but do no damage.
The gnoll sergeant hits you but does no damage.
You block the gnoll's attack. The gnoll hits you with a +0 club.
The gnoll sergeant hits you but does no damage.
The gnoll hits you with a +2 flail of protection.
You hit the gnoll sergeant.
The gnoll sergeant is moderately wounded.
You closely miss the gnoll. You hit the gnoll but do no damage.
The gnoll hits you with a +0 club.
The gnoll sergeant hits you with a +0 spear.
A gnoll comes into view. It is wielding a +0 spear.
The gnoll hits you with a +2 flail of protection.
* * * LOW HITPOINT WARNING * * *
The gnoll barely misses you.
You hit the gnoll.
The gnoll is moderately wounded.
Your scale mail prevents you from hitting the gnoll sergeant.
You slash the gnoll!
You kill the gnoll!
The gnoll sergeant barely misses you. The gnoll barely misses you.
The gnoll hits you but does no damage.
The gnoll sergeant hits you with a +0 spear.
* * * LOW HITPOINT WARNING * * *
You hit the gnoll.
The gnoll is moderately wounded.
You slash the gnoll sergeant!
The gnoll hits you with a +2 flail of protection!
* * * LOW HITPOINT WARNING * * *
The gnoll hits you but does no damage.
The gnoll sergeant hits you with a +0 spear!
You die...

#..........#
#......###.######
#......##.......#
#......##.#####.#
#.........#
#.........#
#.....)####
#....g.# #....)@#
##..###g# #.. g#
#. .+ # .# ##


You could see a gnoll sergeant and 2 gnolls.

Vanquished Creatures
  2 gnolls
  5 adders
  2 river rats (D:4)
  6 worms (D:4)
  A dart slug (D:1)
  6 ball pythons
  2 endoplasms
  3 giant cockroaches
  6 goblins
  2 hobgoblins (D:1)
  5 jackals (Sewer)
  2 quokkas (D:1)
  5 bats (D:1)
  5 frilled lizards
  6 kobolds
  A rat (D:4)
59 creatures vanquished.

Vanquished Creatures (others)
  23 plants (Sewer)
23 creatures vanquished.

Grand Total: 82 creatures vanquished

Notes
Turn   | Place    | Note
-------+----------+-------------------------------------------
     0 | D:1      | bande the Gargoyle Fighter began the quest for the Orb.
     0 | D:1      | Reached XP level 1. HP: 14/14 MP: 1/1
    63 | D:1      | Found a faded altar of an unknown god.
   155 | D:1      | Reached XP level 2. HP: 18/19 MP: 2/2
   305 | D:1      | Noticed a floating eye
   310 | D:1      | Noticed a great orb of eyes
   313 | D:1      | Noticed a golden eye
   313 | D:1      | Noticed a shining eye
   547 | D:1      | Reached XP level 3. HP: 7/24 MP: 3/3
  1228 | D:2      | You fall into a shaft and drop 2 floors!
  1453 | D:4      | Reached XP level 4. HP: 14/29 MP: 4/4
  1530 | D:4      | HP: 1/29 [adder (3)]
  1565 | D:4      | Found a glowing drain.
  1571 | Sewer    | Entered a sewer
  1887 | Sewer    | Reached XP level 5. HP: 33/33 MP: 5/5
  2444 | D:4      | HP: 1/34 [gnoll (7)]
  2444 | D:4      | Mangled by a gnoll sergeant

Illustrated notes

Levels and vault maps discovered:
D:1:      amcnicky_arrival_abandoned_market, layout_basic,
          hellmonk_ecumenical_altar_watching_god
D:2:      layout_basic, uniq_robin
D:4:      minmay_chambers_of_threes, layout_basic, evilmike_ruin_ashenzari,
          serial_shops, nicolae_shop_trees, lightli_sewer_entry_pipes,
          nicolae_underground_beach

Skill      XL: |  1  2  3  4  5 |
---------------+----------------+-----
Axes           | 2 3 |  3.3
Fighting       | 4 |  4.3
Armour         | 4 |  4.0
Shields        | |  3.8

Action                   |  1- 3 |  4- 6 || total
-------------------------+-------+-------++-------
Melee: War axe           |   105 |   165 ||   270
  Use: Potion            |       |     1 ||     1
Armor: Scale mail        |    65 |   120 ||   185
Dodge: Dodged            |    55 |   110 ||   165
Block: Buckler           |    26 |    39 ||    65

Table legend: (Time is in decaauts)
 A = Elapsed time spent in this place.
 B = Non-inter-level travel time spent in this place.
 C = Inter-level travel time spent in this place.
 D = Time resting spent in this place.
 E = Time spent auto-exploring this place.
 F = Levels seen in this place.
 G = Mean time per level.
                   A        B        C        D        E       F      G
               +--------+--------+--------+--------+--------+-----+--------+
         Total |   2750 |   2750 |      0 |    194 |   1763 |   4 |  687.5 |
       Dungeon |   1756 |   1756 |      0 |    194 |   1015 |   3 |  585.3 |
         Sewer |    994 |    994 |      0 |      0 |    748 |   1 |  994.0 |
               +--------+--------+--------+--------+--------+-----+--------+

Top non-repeatable levels by time:
     D:1: 1105 daAuts
   Sewer: 994 daAuts
     D:4: 493 daAuts
     D:2: 157 daAuts
